 Dungeon Crawl Stone Soup version bcrawl-1.32 (webtiles) character file.

Game seed: 8502379621536375168

295528 Morbidden the Cruncher (level 9, -8/52 HPs)
             Began as a Mana Stalker Archaeologist on July 1, 2021.
             Was an Initiate of Vehumet.
             Mangled by a gnoll sergeant
             ... wielding a +0 glaive
              (13 damage)
             ... in a bailey.
             The game lasted 00:07:16 (5668 turns).

Morbidden the Cruncher (Mana Stalker Archaeologist) Turns: 5668, Time: 00:07:16

Health: -8/52      AC:  8    Str: 21    XL:     9   Next: 47%
Magic:  13/13      EV: 14    Int: 15    God:    Vehumet [......]
Gold:   376        SH:  0    Dex: 14    Spells: 11/12 levels left

rFire    . . .     SeeInvis .   a - +3 lajatang (elec)
rCold    . . .     Gourm    .   (shield currently unavailable)
rNeg     . . .     Faith    .   c - +1 robe
rPois    .         Spirit   .   d - +1 hat
rElec    .         Reflect  .   s - +1 cloak
rCorr    .         Harm     .   (no gloves)
MR       +....                  t - +1 pair of boots
Stlth    ++++......             (no amulet)
HPRegen  0.57/turn              y - +6 ring of strength
MPRegen  0.13/turn              (no ring)

@: no status effects
A: fangs 3, magic resistance 1, regeneration 1, antimagic bite, no potion heal
3, rot immunity, strong jaws
a: Renounce Religion


You were in a bailey.
You worshipped Vehumet.
Vehumet was noncommittal.
You were not hungry.

You visited 2 branches of the dungeon, and saw 8 of its levels.
You also visited: Bailey.

You collected 376 gold pieces.

Inventory:

Hand Weapons
 a - a +3 lajatang of electrocution (weapon)
 b - a +0 blowgun
Missiles
 f - 6 curare-tipped needles
 u - 165 poisoned tomahawks (quivered)
 v - 31 poisoned needles
Armour
 c - a +1 robe (worn)
 d - a +1 hat (worn)
 s - a +1 cloak (worn)
 t - a +1 pair of boots (worn)
Jewellery
 y - a +6 ring of strength (left hand)
Wands
 h - a wand of enslavement (13)
 C - a wand of iceblast (5)
Scrolls
 g - a scroll of magic mapping
 i - 4 scrolls of identify
 k - a scroll of fog
 m - 3 scrolls of teleportation
 n - a scroll of remove curse {unknown}
 q - a scroll of enchant weapon {unknown}
 r - 2 scrolls of enchant armour {unknown}
 z - a scroll of amnesia {unknown}
 A - a scroll of fear {unknown}
Potions
 j - a potion of flight {unknown}
 l - a potion of mutation {unknown}
 o - 3 potions of haste {unknown}
 p - 3 potions of curing {unknown}
 w - a potion of berserk rage {unknown}
 x - 3 potions of resistance {unknown}
 B - a potion of invisibility {unknown}
Comestibles
 e - 14 rations {!d}
 D - 7 chunks of flesh


   Skills:
 * Level 4.2 Fighting
   Level 0.6(1.2) Short Blades
   Level 1.4(1.5) Long Blades
   Level 0.8(5.2) Maces & Flails
 * Level 8.4 Staves
 + Level 0.2 Throwing
 + Level 5.0 Dodging
 + Level 7.7 Stealth
 * Level 2.1 Spellcasting
 * Level 2.1 Conjurations


You had 11 spell levels left.
You knew the following spells:

 Your Spells              Type           Power        Failure   Level  Hunger
a - Magic Dart            Conj           #...         9%          1    None

Your spell library contained the following spells:

 Spells                   Type           Power        Failure   Level  Hunger
 Blink                    Tloc           N/A          32%         2    ##.....
 Call Imp                 Summ           #.....       32%         2    ##.....
 Conjure Flame            Conj/Fire      #.......     38%         3    ####...
 Mephitic Cloud           Conj/Pois/Air  #.......     43%         3    ####...
 Spider Form              Tmut/Pois      #..          54%         3    ####...


Dungeon Overview and Level Annotations

Branches:
Dungeon (7/12)             Temple (1/1) D:6
   Lair: D:7-9

Altars:
Ashenzari
Dithmenos
Gozag
Hepliaklqana
Lugonu
Nemelex Xobeh
Okawaru
Sif Muna
Trog
Uskayaw
Vehumet
Yredelemnul
Zin

Shops:
D:6 %

Annotations:
D:4 3 runed translucent doors, yrara's ghost, amateur DsFi
D:6 3 runed translucent doors, yrara's ghost, novice DsFi


Innate Abilities, Weirdness & Mutations

You have razor-sharp teeth.
You are resistant to hostile enchantments. (MR+)
Your natural rate of healing is unusually fast.
Your bite disrupts and absorbs the magic of your enemies.
Potions cannot restore your health.
You are immune to rotting.
Your bites deal extra damage.


Message History

The gnoll sergeant hits you from afar with a +0 glaive!
You hit the gnoll sergeant but do no damage.
The gnoll sergeant is moderately wounded.
The gnoll sergeant hits you with a +0 glaive!
You are too injured to fight recklessly!
You are too injured to fight recklessly!
You are too injured to fight recklessly!
Unknown command.
The gnoll sergeant closely misses you.
Things that are here:
a +0 halberd; a +0 scale mail
There is an open gate here.
Things that are here:
a +0 halberd; a +0 scale mail The gnoll sergeant hits you from afar with a +0 glaive!
* * * LOW HITPOINT WARNING * * *
The gnoll sergeant hits you from afar with a +0 glaive!
* * * LOW HITPOINT WARNING * * *
The gnoll sergeant hits you from afar with a +0 glaive!
You die...

♣..≈..# ### ♣♣..≈..#
...# ♣♣...≈÷.#####
.....
#♣♣♣....)÷.'...#...$..
#∩..∩....).))..'...8..
#♣♣♣.....g.'...#...$..
♣♣...≈g.##### .....
♣...≈..# ...# ♣..@≈).#
### ♣♣..≈..# ♣♣.≈..#
♣.≈..# ♣♣≈≈... ♣♣≈≈≈≈≈
♣♣♣♣♣♣


You could see 2 gnoll sergeants.

Vanquished Creatures
  A hippogriff (D:5)
  A water moccasin (D:6)
  3 ice beasts
  A sky beast (D:5)
  A phantom (D:7)
  4 ogres
  2 centaurs (D:6)
  3 bullfrogs
  2 scorpions
  A crimson imp (D:5)
  A bullfrog zombie (D:5)
  3 hounds
  A jelly (D:6)
  4 orc wizards
  A bullfrog skeleton (D:5)
  2 orc priests (D:4)
  A centaur skeleton (D:7)
  A gnoll shaman (Bailey)
  Jessica (D:2)
  An iguana (D:5)
  4 worker ants
  A killer bee zombie (D:6)
  2 hound skeletons
  8 gnolls
  2 adders (D:3)
  An ooze (D:1)
  2 adder skeletons
  7 worms
  5 dart slugs
  7 leopard geckos
  12 orcs
  A ball python (D:4)
  3 giant cockroaches
  5 goblins
  6 hobgoblins
  29 jackals
  10 kobolds
  3 quokkas
  2 frilled lizards (D:1)
  A jackal skeleton (D:4)
  3 rats
149 creatures vanquished.

Vanquished Creatures (others)
  2 fungi (D:4)
  2 plants (D:4)
4 creatures vanquished.

Grand Total: 153 creatures vanquished

Notes
Turn   | Place    | Note
-------+----------+-------------------------------------------
     0 | D:1      | Morbidden the Vine Stalker Archaeologist began the quest
                  | for the Orb.
     0 | D:1      | Reached XP level 1. HP: 11/11 MP: 2/2
   181 | D:1      | Reached XP level 2. HP: 16/16 MP: 3/3
   185 | D:1      | Reached skill level 5 in Stealth
   313 | D:1      | Reached skill level 1 in Fighting
   515 | D:1      | Reached XP level 3. HP: 20/20 MP: 4/4
  1168 | D:2      | Found a bloodstained altar of Trog.
  1265 | D:2      | Reached XP level 4. HP: 15/25 MP: 5/5
  1328 | D:2      | Found a sparkling altar of Nemelex Xobeh.
  1417 | D:2      | Noticed Jessica
  1427 | D:2      | Killed Jessica
  1428 | D:2      | Reached skill level 1 in Long Blades
  1956 | D:3      | Reached XP level 5. HP: 30/30 MP: 6/6
  1956 | D:3      | Identified a scroll of acquirement
  1956 | D:3      | Identified the +0 crystal plate armour "Hyliom" {Dex+5}
                  | (You acquired it on level 3 of the Dungeon)
  1956 | D:3      | Identified the ring of Estuhong {+Fly Dex+9} (You acquired
                  | it on level 3 of the Dungeon)
  2178 | D:3      | Reached skill level 1 in Staves
  2230 | D:3      | Found a corrupted altar of Lugonu.
  2600 | D:4      | Gained mutation: You have razor-sharp teeth. [Vine Stalker
                  | growth]
  2600 | D:4      | Reached XP level 6. HP: 35/35 MP: 7/7
  2676 | D:4      | Reached skill level 2 in Staves
  2695 | D:4      | Found a hazy altar of Hepliaklqana.
  2804 | D:4      | Reached skill level 3 in Staves
  2829 | D:4      | Found a runed translucent gate.
  2829 | D:4      | Found a runed translucent gate.
  2829 | D:4      | Found a runed translucent gate.
  2829 | D:4      | Identified the +3 whip of Calculation {elec, rF++ rN+ Int-2
                  | Dex+4}
  2831 | D:4      | Noticed yrara's ghost (amateur DsFi)
  3062 | D:4      | Reached XP level 7. HP: 10/40 MP: 8/8
  3125 | D:4      | Reached skill level 4 in Staves
  3448 | D:4      | Found a shimmering blue altar of Sif Muna.
  3614 | D:5      | Entered Level 5 of the Dungeon
  3656 | D:5      | Reached skill level 5 in Staves
  3714 | D:5      | Noticed a hippogriff
  3729 | D:5      | Killed a hippogriff
  3730 | D:5      | Gained mutation: Your bite disrupts and absorbs the magic
                  | of your enemies. [Mana Stalker growth]
  3730 | D:5      | Gained mutation: You are resistant to hostile enchantments.
                  | (MR+) [Mana Stalker growth]
  3730 | D:5      | Reached XP level 8. HP: 33/46 MP: 8/9
  3836 | D:5      | Reached skill level 6 in Staves
  4007 | D:5      | Reached skill level 7 in Staves
  4014 | D:5      | Learned a level 1 spell: Magic Dart
  4705 | D:6      | Found a runed translucent gate.
  4705 | D:6      | Found a runed translucent gate.
  4706 | D:6      | Found a runed translucent gate.
  4709 | D:6      | Noticed yrara's ghost (novice DsFi)
  4734 | D:6      | Found a staircase to the Ecumenical Temple.
  4765 | Temple   | Entered the Ecumenical Temple
  4900 | Temple   | Became a worshipper of Vehumet
  5062 | D:6      | Reached skill level 1 in Spellcasting
  5122 | D:6      | Found Ucwuco's Food Emporium.
  5142 | D:6      | Reached skill level 1 in Conjurations
  5142 | D:6      | Reached XP level 9. HP: 52/52 MP: 11/11
  5481 | D:7      | Reached skill level 8 in Staves
  5512 | D:7      | Reached skill level 5 in Dodging
  5556 | D:7      | Found a flagged portal.
  5584 | Bailey   | Entered a bailey
  5668 | Bailey   | Mangled by a gnoll sergeant

Skill      XL: |  1  2  3  4  5  6  7  8  9 |
---------------+----------------------------+-----
Stealth        | 5 6 7 |  7.7
Fighting       | 1 2 3 4 |  4.2
Dodging        | 4 5 |  5.0
Long Blades    | 1 |  1.4
Staves         | 1 3 5 7 8 |  8.4
Spellcasting   | 1 2 |  2.1
Conjurations   | 1 2 |  2.1
Short Blades   | |  0.6
Maces & Flails | |  0.8
Throwing       | |  0.2

Action                   |  1- 3 |  4- 6 |  7- 9 || total
-------------------------+-------+-------+-------++-------
Melee: Whip              |    17 |       |       ||    17
       Dagger            |    85 |       |       ||    85
       Bite              |    15 |    20 |    32 ||    67
       Falchion          |    56 |    82 |       ||   138
       Lajatang          |       |    77 |   142 ||   219
Throw: Tomahawk          |       |       |     4 ||     4
  Use: Scroll            |       |     1 |     5 ||     6
 Stab: Sleeping          |    13 |     9 |    10 ||    32
       Distracted        |       |     1 |       ||     1
  Eat: Chunk             |     5 |    11 |    12 ||    28
Armor: Robe              |    53 |    55 |    39 ||   147
Dodge: Dodged            |   146 |    96 |   110 ||   352
